 Dungeon Crawl Stone Soup version 0.31-a0-859-g9dce7d3444 (webtiles) character file.

Game seed: 6193088125731737910

186 lunkers the Insei (level 6, 0/47 HPs)
             Began as a Meteoran Shapeshifter on Oct 9, 2023.
             Slain by an orc
             ... wielding a +0 short sword
              (5 damage)
             ... on level 3 of the Dungeon.
             The game lasted 00:03:33 (1162 turns).

lunkers the Insei (Meteoran Shapeshifter)           Turns: 1162, Time: 00:03:34

Health: 0/47       AC:  4    Str: 15    XL:     6   Next: 19%
Magic:  7/7        EV: 12    Int: 12    God:
Gold:   71         SH:  0    Dex: 16    Spells: 5/5 levels left

rFire   . .          .
                       - Unarmed
rCold   . . .        (no shield)
rNeg    . . .        g - +2 robe {Will+}
rPois   .            (helmet currently unavailable)
rElec   .            (cloak currently unavailable)
rCorr   .            (gloves currently unavailable)
SInv    .            (boots currently unavailable)
Will    +....        (no amulet)
Stlth   +            (no ring)
HPRegen 0.27/turn    (no ring)
MPRegen 0.10/turn

%: no passive effects
@: lethally poisoned (0 -> -1), beast-form, glowing
A: beast (slay +2), sense surroundings 1, otherworldly, glowing, explore regen
a: Begin Untransformation


You were on level 3 of the Dungeon.
You were a hulking beast.
You visited 1 branch of the dungeon, and saw 3 of its levels.

You collected 71 gold pieces.

Inventory:

Armour
 a - a +0 animal skin
 g - a +2 robe of willpower (worn)
 i - a +0 pair of boots
 q - a +0 pair of boots
 r - a scarf of invisibility
Jewellery
 p - a ring of fire
Talismans
 c - a beast talisman (active)
 d - a flux talisman
Scrolls
 e - a scroll of amnesia {unknown}
 f - 5 scrolls of identify {unknown}
 k - a scroll of enchant armour {unknown}
 n - a scroll of enchant weapon {unknown}
Potions
 b - a potion of haste {unknown}
 h - a potion of resistance {unknown}
 j - 2 potions of curing {unknown}
 l - a potion of enlightenment {unknown}
 m - a potion of attraction {unknown}
 o - a potion of degeneration {unknown}


   Skills:
 - Level 1.1 Fighting
 - Level 2.1 Dodging
 * Level 6.4 Unarmed Combat
 + Level 5.0 Shapeshifting


You had 5 spell levels left.
You didn't know any spells.
Your spell library was empty.

Dungeon Overview and Level Annotations

Branches:
Dungeon (3/15) Zot: 654

Altars:


Innate Abilities, Weirdness & Mutations

You are a hulking beast.
Your limbs bulge with bestial killing power. (Slay +2)
You passively map a small area around you.
You are easily found by Zot.
You glow in the dark.
You regain HP and MP as you explore.


Message History

The adder poisons you!
Unknown command.
You hit the adder.
The adder is lightly wounded.
You feel sick. The orc hits you but does no damage. The orc barely misses you.
The orc misses you. The adder bites you but does no damage.
Unknown command.
Unknown command.
You hit the adder.
The adder is severely wounded.
You feel sick. The orc hits you but does no damage. The orc barely misses you.
The adder misses you. The orc hits you with a +0 short sword.
* * * LOW HITPOINT WARNING * * *
You punch the adder!
You kill the adder!
You feel sick.
The orc barely misses you. x2; The orc closely misses you.
Your Shapeshifting skill increases to level 5!
Unknown command.
You hear the slow rusting of a drain nearby.
You feel sick. The orc closely misses you.
The orc hits you with a +0 short sword.
* * * LOW HITPOINT WARNING * * *
The orc attacks as it pursues you! The orc hits you with a +0 short sword.
* * * LOW HITPOINT WARNING * * *
Items here: ) [ ††.
Unknown command.
You closely miss the orc.
You feel sick. The orc closely misses you. The orc misses you.
The orc hits you with a +0 short sword.
* * * LOW HITPOINT WARNING * * *
You hit the orc. You punch the orc.
The orc is heavily wounded.
You feel sick. The orc barely misses you. The orc hits you but does no damage.
The orc barely misses you.
Unknown command.
You hit the orc but do no damage.
The orc is heavily wounded.
You feel sick. The orc hits you with a +0 short sword.
* * * LOW HITPOINT WARNING * * *
The orc hits you with a +0 short sword.
You die...

............######### ,,
..........#.........#
.......†.##......##.# ,
#.###......####.#... * ,
######..####.#... ,
................. *
########....#####... , ,
, #..oo.........####.. ,
#$.ho###.....###....
#.......# #.....# #....
+........####....# #....
##...............###....
#...........###........
#............###........
..8.8.......##........[.
8.....8.....##........#.
, , ,*#....#...#.


You could see 3 orcs.

Vanquished Creatures
  13 adders
  A worm (D:3)
  An orc (D:3)
  14 ball pythons
  2 endoplasms (D:1)
  2 giant cockroaches
  7 goblins
  2 hobgoblins (D:1)
  7 jackals
  A quokka (D:2)
  9 bats
  3 frilled lizards
  4 kobolds
  6 rats
72 creatures vanquished.

Notes
Turn   | Place    | Note
-------+----------+-------------------------------------------
     0 | D:1      | lunkers the Meteoran Shapeshifter began the quest for the
                  | Orb.
     0 | D:1      | Reached XP level 1. HP: 16/16 MP: 2/2
   114 | D:1      | Reached XP level 2. HP: 23/23 MP: 3/3
   121 | D:1      | Reached skill level 4 in Unarmed Combat
   249 | D:1      | Reached XP level 3. HP: 28/28 MP: 4/4
   485 | D:2      | Reached XP level 4. HP: 17/35 MP: 5/5
   597 | D:2      | Reached skill level 5 in Unarmed Combat
   676 | D:2      | Reached XP level 5. HP: 18/40 MP: 6/6
   994 | D:3      | Reached skill level 6 in Unarmed Combat
  1075 | D:3      | Reached XP level 6. HP: 44/47 MP: 7/7
  1109 | D:3      | Found a faded altar of an unknown god.
  1159 | D:3      | Reached skill level 5 in Shapeshifting
  1162 | D:3      | Slain by an orc

Illustrated notes

Levels and vault maps discovered:
D:1:      minmay_arrival_hallway, layout_basic, minmay_misc_feat_chi,
          minmay_pentomino_r2
D:2:      layout_loops_ring, minmay_snake_closets
D:3:      layout_basic, zin_statuary, nicolae_wu_jian_immortal_techniques,
          basic_ecumenical_altar, portal_sewer_entry_a

Skill      XL: |  1  2  3  4  5  6 |
---------------+-------------------+-----
Unarmed Combat | 4 5 6 |  6.4
Shapeshifting  | 4 5 |  5.0
Fighting       | |  1.1
Dodging        | |  2.1

Action                     |  1- 3 |  4- 6 || total
---------------------------+-------+-------++-------
  Melee: Unarmed           |    65 |   118 ||   183
         Punch             |     1 |     6 ||     7
    Use: Potion            |     1 |       ||     1
 Armour: Animal skin       |     5 |       ||     5
         Robe              |    27 |    87 ||   114
         Skin              |     5 |       ||     5
  Dodge: Dodged            |    37 |    94 ||   131

Table legend: (Time is in decaauts)
 A = Elapsed time spent in this place.
 B = Non-inter-level travel time spent in this place.
 C = Inter-level travel time spent in this place.
 D = Time resting spent in this place.
 E = Time spent auto-exploring this place.
 F = Levels seen in this place.
 G = Mean time per level.
                   A        B        C        D        E       F      G
               +--------+--------+--------+--------+--------+-----+--------+
         Total |   1144 |   1144 |      0 |     40 |    688 |   3 |  381.3 |
       Dungeon |   1144 |   1144 |      0 |     40 |    688 |   3 |  381.3 |
               +--------+--------+--------+--------+--------+-----+--------+

Top non-repeatable levels by time:
     D:2: 518 daAuts
     D:1: 423 daAuts
     D:3: 203 daAuts
